 Dungeon Crawl Stone Soup version 0.31.0-32-g396128a36d (webtiles) character file.

Game seed: 13847083874621947534

11398 Lyrical the Mimic (level 11, -7/75 HPs)
             Began as an Octopode Shapeshifter on Mar 22, 2024.
             Was an Initiate of Gozag.
             Mangled by an orc warrior
             ... wielding a +2 vampiric glaive
              (19 damage)
             ... on level 11 of the Dungeon.
             The game lasted 00:17:19 (8867 turns).

Lyrical the Mimic (Octopode Shapeshifter)           Turns: 8867, Time: 00:17:19

Health: -7/75      AC:  1    Str:  9    XL:     11   Next: 77%
Magic:  9/12       EV: 23    Int: 22    God:    Gozag
Gold:   1682       SH:  0    Dex: 12    Spells: 2/12 levels left

rFire   . .          .
                       - Unarmed
rCold   + . .        (shield currently unavailable)
rNeg    . . .        (helmet restricted)
rPois   .            p - amulet of regeneration
rElec   .            I - +6 ring of intelligence
rCorr   +            j - ring "Ysevoll" {Fly Will++ Str-5}
SInv    .            R - ring of resist corrosion
Will    ++...        C - ring of protection from cold
Stlth   ++           E - +5 ring of evasion
HPRegen 1.12/turn    (no ring)
MPRegen 0.13/turn    (no ring)
                     (no ring)

%: no passive effects
@: flux-form, fugue, gold aura, flying, glowing
A: glow, contaminating, almost no armour, amphibious, 8 rings, camouflage 1,
gelatinous body 1, (nimble swimmer 1), tentacles
a: Begin Untransformation, Renounce Religion, Potion Petition, Call Merchant,
Bribe Branch


You were on level 11 of the Dungeon.
You worshipped Gozag.
Gozag was most pleased with you.
You were something dangerously unstable.
You visited 2 branches of the dungeon, and saw 12 of its levels.
You also visited: Ossuary.

You collected 1809 gold pieces.
You paid 127 gold pieces to Gozag.


Innate Abilities, Weirdness & Mutations

You are something dangerously unstable.
You glow with magical radiation, making you easy to see and hit.
Foes you strike become dangerously contaminated with magical radiation.
You are incapable of wielding weapons or throwing items.
You cannot wear most types of armour.
You are amphibious.
You can wear up to eight rings at the same time.
Your skin changes colour to match your surroundings (Stealth+).
Your rubbery body absorbs attacks. (AC +1, EV +1)
((You are camouflaged when in or above water. (Stealth+)))
You have tentacles for arms and can constrict up to eight enemies at once.


   Skills:
 - Level 7.0 Fighting
 - Level 5.0 Dodging
 - Level 3.0 Stealth
 - Level 9.0 Unarmed Combat
 - Level 1.0 Spellcasting
 + Level 7.5 Necromancy
 - Level 2.0 Translocations
 + Level 0.0 Earth Magic
 - Level 11.0 Shapeshifting


You had 2 spell levels left.
You knew the following spells:

 Your Spells              Type           Power      Damage    Failure   Level
b - Borgnjor's Vile Clut  Necr/Erth      8%         N/A       65%         5
f - Fugue of the Fallen   Necr           34%        N/A       1%          3
B - Blink                 Tloc           18%        N/A       10%         2

Your spell library contained the following spells:

 Spells                   Type           Power      Damage    Failure   Level
 Lesser Beckoning         Tloc           18%        N/A       10%         2
 Freeze                   Ice            4%         1d3       16%         1
 Sting                    Conj/Alch      4%         1d3       16%         1
 Momentum Strike          Conj/Tloc      10%        3d8       16%         2
 Mercury Vapours          Alch/Air       2%         N/A       22%         2
 Gell's Gravitas          Tloc           9%         N/A       21%         3
 Teleport Other           Tloc           9%         N/A       21%         3
 Call Canine Familiar     Summ           1%         N/A       41%         3
 Frozen Ramparts          Ice            2%         1d1       41%         3
 Hailstorm                Conj/Ice       1%         3d5       41%         3
 Inner Flame              Hex/Fire       1%         N/A       41%         3
 Ozocubu's Armour         Ice            1%         N/A       41%         3
 Sigil of Binding         Hex            1%         N/A       41%         3
 Manifold Assault         Tloc           9%         N/A       54%         4
 Dimensional Bullseye     Hex/Tloc       2%         N/A       69%         4
 Death Channel            Necr           17%        N/A       71%         6
 Flame Wave               Conj/Fire      1%         2d4       83%         4
 Olgreb's Toxic Radiance  Alch           1%         N/A       83%         4
 Sticky Flame             Fire/Alch      1%         2d4       83%         4
 Dispersal                Tloc           4%         N/A       100%        6
 Animate Dead             Necr           Unusable   N/A       N/A         4

Inventory:

Missiles
 t - 2 throwing nets {=f}
Jewellery
 c - a ring of ice
 j - the ring "Ysevoll" (right tentacle) {Fly Will++ Str-5}
   (You found it on level 2 of the Dungeon)

   [ring of flight]

   Str-5:     It affects your strength (-5).
   Will++:    It greatly increases your willpower.
   Fly:       It grants you flight.
 p - an amulet of regeneration (around mantle)
 C - a ring of protection from cold (on tentacle)
 E - a +5 ring of evasion (on tentacle)
 F - a ring of fire
 I - a +6 ring of intelligence (left tentacle)
 L - a ring of ice
 N - an amulet of the acrobat
 R - a ring of resist corrosion (on tentacle)
Talismans
 b - a beast talisman
 h - a flux talisman (active)
Wands
 l - a wand of quicksilver (3)
 s - a wand of flame (33)
Scrolls
 d - a scroll of silence {unknown}
 e - 3 scrolls of enchant weapon {unknown}
 i - 6 scrolls of fog {unknown}
 m - 3 scrolls of poison {unknown}
 u - a scroll of vulnerability {unknown}
 v - 2 scrolls of enchant armour {unknown}
 w - a scroll of revelation {unknown}
 x - 2 scrolls of noise {unknown}
 y - a scroll of blinking {unknown}
 A - 4 scrolls of teleportation {unknown}
 D - 4 scrolls of fear {unknown}
 G - a scroll of amnesia {unknown}
 H - a scroll of butterflies {unknown}
 J - a scroll of immolation {unknown}
 P - a scroll of identify {@r1}
Potions
 a - a potion of invisibility
 f - a potion of attraction
 g - 11 potions of curing {@q1}
 k - 3 potions of heal wounds {@q2}
 n - 3 potions of brilliance
 o - a potion of resistance
 q - 4 potions of degeneration
 r - a potion of might
 z - 3 potions of haste {@q3}
 B - a potion of magic
 M - 2 potions of lignification
 O - a potion of mutation {unknown}
Miscellaneous
 K - a box of beasts

Dungeon Overview and Level Annotations

Branches:
Dungeon (11/15)            Temple (1/1) D:5            Lair (0/5) D:8
    Orc (0/2) D:9         Ossuary (visited)

Altars:
Ashenzari
Cheibriados
Dithmenos
Elyvilon
Fedhas
Gozag
Hepliaklqana
Kikubaaqudgha
Makhleb
Nemelex Xobeh
Okawaru
Qazlal
Ru
Sif Muna
Trog
Uskayaw
Vehumet
Wu Jian
Xom
Yredelemnul
Zin
The Shining One

Shops:
D:1 !   D:5 [

Annotations:
D:3 2 transporters, theodolus's ghost, amateur DsFi
D:10 1 runed translucent door, booth's ghost, journeyman GnWn

####.#.##.#
#..+.#.#)#.##...#.#
# #.#.##.#
#..##.#[#.#.'...#.#
# #......#
##.#...#....#...#.#
# ###.####
#.#....#...#.....#
# #.#
##.#8..#...8#..####
# #.#
#...####+###...# #
####.#
#.............#
..##.#
##.###.###.########
#.##.. .....oop...#
###<####
##.###o#####
.##.### #.# ......#
#.# ###.#.# ##
...#.# #####.###
#....^..# #..##...#


You could see an orc warrior (contam), an orc wizard and an orc.


Message History

You are too injured to fight recklessly!
You are too injured to fight recklessly!
You are too injured to fight recklessly!
You are too injured to fight recklessly!
You are too injured to fight recklessly!
You are too injured to fight recklessly!
You are too injured to fight recklessly!
You are too injured to fight recklessly!
You are too injured to fight recklessly!
You are too injured to fight recklessly!
You are too injured to fight recklessly!
You are too injured to fight recklessly!
You are too injured to fight recklessly!
You are too injured to fight recklessly!
Unknown command.
You bludgeon the orc!
You kill the orc!
Unknown command.
The orc warrior hits you with a +2 vampiric glaive!!
* * * LOW HITPOINT WARNING * * *
Things that are here:
6 gold pieces; a +0 mace You tentacle-slap the orc warrior.
The orc warrior begins to glow.
You grab the orc warrior.
You squeeze the orc warrior, but do no damage.
The orc warrior is lightly wounded.
You constrict the orc warrior, but do no damage.
The orc warrior hits you with a +2 vampiric glaive!!
You die...
Your body crumbles into a pile of gold.

Skill      XL: |  1  2  3  4  5  6  7  8  9 10 11 |
---------------+----------------------------------+-----
Fighting       | 2 3 4 5 6 7 |  7.0
Translocations | 1 2 |  2.0
Spellcasting   | 1 |  1.0
Shapeshifting  | 4 5 7 9 11 | 11.0
Unarmed Combat | 5 9 |  9.0
Stealth        | 3 |  3.0
Dodging        | 5 |  5.0
Necromancy     | 4 7 |  7.5

Action                     |  1- 3 |  4- 6 |  7- 9 | 10-12 || total
---------------------------+-------+-------+-------+-------++-------
  Melee: Unarmed           |    77 |   137 |    53 |   303 ||   570
         Constrict         |    16 |    33 |    73 |    45 ||   167
         Tentacles         |    17 |    42 |    71 |    81 ||   211
         Punch             |       |     4 |    14 |     1 ||    19
         Short sword       |       |    36 |   247 |       ||   283
   Cast: Fugue of the Fall |       |       |       |     5 ||     5
  Evoke: Wand              |       |       |       |     1 ||     1
    Use: Scroll            |       |       |     9 |     1 ||    10
         Potion            |       |       |     2 |     3 ||     5
   Stab: Sleeping          |    10 |     2 |     4 |     2 ||    18
         Distracted        |       |       |       |     2 ||     2
 Armour: Skin              |    17 |    70 |   132 |   150 ||   369
  Dodge: Dodged            |    41 |   114 |   259 |   287 ||   701
   Form: Flux              |       |       |     1 |       ||     1

Levels and vault maps discovered:
D:1:      dpeg_arrival_refuge, layout_loops_ring, serial_shops, shop,
          corexii_item_surrounded_by_moat, minmay_pentomino_u4
D:2:      layout_basic, corexii_leaking_fountain, corner_web_ring
D:3:      layout_basic, gammafunk_ghost_arena, minmay_splitting_lines,
          nicolae_goblin_pals
D:4:      layout_cave_pools
D:5:      layout_loops_ring, zin_treasury, minmay_temple_entry_enclosed_plants,
          dreamdust_wishing_well, nicolae_eternal_life, serial_bayou_lagoon_a,
          minmay_shop_grid_forest
D:6:      layout_rooms, enter_ossuary_5, eino_small_chamber_without_monster
D:7:      layout_cave_pools
D:8:      layout_layer_cave, erik_lair_orcish_takeover, enter_bailey_4,
          nicolae_concentric_dashed_squares_wild
D:9:      layout_loops_ring, tso_altar, orc_0_dummy
D:10:     layout_gridville, fiery_altar_vehumet, bloody_trog,
          hellmonk_ghost_happy_afterlife, uniq_nergalle, uniq_fannar
D:11:     layout_loops_cross, minmay_st_funbox, minivault_1, kennysheep_boxes
Temple:   dpeg_three_leaves_temple

Notes
Turn   | Place    | Note
-------+----------+-------------------------------------------
     0 | D:1      | Lyrical the Octopode Shapeshifter began the quest for the
                  | Orb.
     0 | D:1      | Reached XP level 1. HP: 13/13 MP: 1/1
    60 | D:1      | Reached skill level 2 in Fighting
    60 | D:1      | Reached XP level 2. HP: 4/19 MP: 2/2
   216 | D:1      | Found Ychauf's Distillery.
   476 | D:1      | Reached XP level 3. HP: 23/25 MP: 3/3
   523 | D:1      | Reached skill level 3 in Fighting
   774 | D:2      | Identified the ring "Ysevoll" {Fly Will++ Str-5}
  1061 | D:2      | Reached XP level 4. HP: 33/33 MP: 4/4
  1241 | D:2      | Learned a level 2 spell: Blink
  1290 | D:3      | Found a transporter.
  1290 | D:3      | Noticed theodolus's ghost (amateur DsFi)
  1391 | D:3      | Found a transporter.
  1401 | D:3      | Reached skill level 4 in Fighting
  1415 | D:3      | Noticed Ijyb
  1432 | D:3      | Killed Ijyb
  1433 | D:3      | Reached skill level 1 in Translocations
  1433 | D:3      | Reached skill level 1 in Spellcasting
  1769 | D:3      | Reached XP level 5. HP: 29/37 MP: 6/6
  1878 | D:3      | Noticed Robin
  1905 | D:3      | Killed Robin
  1906 | D:3      | Reached skill level 2 in Translocations
  2398 | D:4      | Reached XP level 6. HP: 34/44 MP: 7/7
  2740 | D:4      | Reached skill level 5 in Fighting
  2740 | D:4      | Reached skill level 4 in Shapeshifting
  2909 | D:5      | Entered Level 5 of the Dungeon
  2924 | D:5      | Reached XP level 7. HP: 31/50 MP: 8/8
  3071 | D:5      | Reached skill level 6 in Fighting
  3071 | D:5      | Reached skill level 5 in Shapeshifting
  3351 | D:5      | Found a staircase to the Ecumenical Temple.
  3386 | Temple   | Entered the Ecumenical Temple
  3389 | Temple   | Became a worshipper of Gozag Ym Sagoz the Greedy
  3472 | D:5      | Found Pozeinn's Armour Boutique.
  3497 | D:5      | Reached XP level 8. HP: 47/58 MP: 9/9
  3830 | D:5      | Found a glowing silver altar of Zin.
  3909 | D:6      | Reached skill level 7 in Fighting
  3939 | D:6      | Reached skill level 6 in Shapeshifting
  4006 | D:6      | Reached skill level 7 in Shapeshifting
  4050 | D:6      | Found a sand-covered staircase.
  4054 | Ossuary  | Entered an ossuary
  4207 | Ossuary  | Reached skill level 4 in Unarmed Combat
  4231 | Ossuary  | Reached skill level 5 in Unarmed Combat
  4239 | Ossuary  | Reached XP level 9. HP: 55/64 MP: 10/10
  4291 | Ossuary  | Reached skill level 6 in Unarmed Combat
  4823 | D:6      | Identified a potion of resistance
  4892 | D:7      | Reached skill level 7 in Unarmed Combat
  5163 | D:7      | Reached skill level 8 in Unarmed Combat
  5641 | D:8      | Reached skill level 9 in Unarmed Combat
  5724 | D:8      | Noticed a two-headed ogre
  5754 | D:8      | Reached skill level 1 in Stealth
  5875 | D:8      | Reached skill level 2 in Stealth
  5885 | D:8      | Reached skill level 3 in Stealth
  5889 | D:8      | Reached XP level 10. HP: 55/71 MP: 11/11
  5972 | D:8      | Found a staircase to the Lair.
  5986 | D:8      | Reached skill level 8 in Shapeshifting
  6105 | D:8      | Killed a two-headed ogre
  6106 | D:8      | Reached skill level 3 in Dodging
  6662 | D:8      | Learned a level 3 spell: Fugue of the Fallen
  6707 | D:9      | Found a staircase to the Orcish Mines.
  6719 | D:9      | Noticed a manticore
  6736 | D:9      | Reached skill level 4 in Dodging
  6736 | D:9      | Reached skill level 1 in Necromancy
  6759 | D:9      | Killed a manticore
  6760 | D:9      | Reached skill level 2 in Necromancy
  6844 | D:9      | Reached skill level 9 in Shapeshifting
  6920 | D:9      | Reached skill level 5 in Dodging
  6920 | D:9      | Reached skill level 3 in Necromancy
  7170 | D:9      | Reached skill level 4 in Necromancy
  7219 | D:9      | Found a glowing golden altar of the Shining One.
  7392 | D:9      | Reached XP level 11. HP: 47/75 MP: 12/12
  7521 | D:10     | Entered Level 10 of the Dungeon
  7548 | D:10     | Found a bloodstained altar of Trog.
  7555 | D:10     | Noticed Nergalle
  7573 | D:10     | Killed Nergalle
  7574 | D:10     | Reached skill level 5 in Necromancy
  7643 | D:10     | Noticed booth's ghost (journeyman GnWn)
  7678 | D:10     | Found a runed translucent door.
  7727 | D:10     | Noticed a two-headed ogre
  7737 | D:10     | Killed a two-headed ogre
  7738 | D:10     | Reached skill level 10 in Shapeshifting
  7847 | D:10     | Noticed Fannar
  7860 | D:10     | Killed Fannar
  7861 | D:10     | Reached skill level 6 in Necromancy
  8042 | D:10     | Found a radiant altar of Vehumet.
  8290 | D:11     | Noticed a two-headed ogre
  8306 | D:11     | HP: 6/75 [two-headed ogre/+0 giant spiked club (7)]
  8310 | D:11     | Killed a two-headed ogre
  8437 | D:11     | Noticed a green ugly thing
  8449 | D:11     | Killed a purple ugly thing
  8501 | D:11     | Reached skill level 7 in Necromancy
  8675 | D:11     | Noticed a boulder beetle
  8781 | D:11     | Reached skill level 11 in Shapeshifting
  8859 | D:11     | Learned a level 5 spell: Borgnjor's Vile Clutch
  8867 | D:11     | Mangled by an orc warrior

Vanquished Creatures
  Fannar (D:10)
  3 two-headed ogres
  Nergalle (D:10)
  A manticore (D:9)
  An ugly thing (D:11)
  3 unseen horrors (D:11)
  4 trolls
  A vampire (D:9)
  2 wyverns
  2 wraiths
  4 yaks (D:9)
  A warg (D:8)
  A steam dragon (D:7)
  2 water moccasins
  An acid dragon (D:10)
  An ice beast (D:5)
  An orc warrior (D:8)
  4 black bears
  An ogre (D:7)
  2 wolves (D:8)
  5 centaurs
  2 kobold brigands
  3 phantoms
  2 elf zombies (Ossuary)
  3 bullfrogs (D:7)
  A scorpion (D:6)
  8 wights (D:8)
  11 killer bees
  An electric eel (D:11)
  A howler monkey (D:5)
  A bombardier beetle (D:4)
  4 human zombies (Ossuary)
  4 centaur zombies (Ossuary)
  2 jellies
  6 orc priests
  3 hounds
  Ijyb (D:3)
  5 iguanas
  6 orc wizards
  3 hound zombies (Ossuary)
  2 mummies (Ossuary)
  Robin (D:3)
  7 gnolls
  10 adders
  A shadow imp (D:6)
  A white imp (D:7)
  6 ufetubi
  5 adder zombies (Ossuary)
  A dart slug (D:1)
  3 ribbon worms
  35 orcs
  5 ball pythons
  4 bats (D:1)
  5 endoplasms
  5 giant cockroaches
  4 gnoll zombies (Ossuary)
  14 goblins
  15 hobgoblins
  4 quokkas
  4 frilled lizards
  4 jackal zombies (Ossuary)
  17 kobolds
  4 kobold zombies (Ossuary)
  7 orc zombies (Ossuary)
  7 rats
280 creatures vanquished.

Table legend: (Time is in decaauts)
 A = Elapsed time spent in this place.
 B = Non-inter-level travel time spent in this place.
 C = Inter-level travel time spent in this place.
 D = Time resting spent in this place.
 E = Time spent auto-exploring this place.
 F = Levels seen in this place.
 G = Mean time per level.
                   A        B        C        D        E       F      G
               +--------+--------+--------+--------+--------+-----+--------+
         Total |   8789 |   8581 |    208 |    647 |   6028 |  13 |  676.1 |
       Dungeon |   8488 |   8284 |    204 |    644 |   5892 |  11 |  771.6 |
        Temple |      6 |      3 |      3 |      0 |      0 |   1 |    6.0 |
       Ossuary |    294 |    294 |      0 |      3 |    136 |   1 |  294.0 |
               +--------+--------+--------+--------+--------+-----+--------+

Top non-repeatable levels by time:
     D:8: 1247 daAuts
     D:3: 1015 daAuts
     D:5: 981 daAuts
     D:9: 813 daAuts
    D:10: 796 daAuts
     D:1: 734 daAuts
     D:6: 647 daAuts
     D:4: 617 daAuts
     D:7: 579 daAuts
    D:11: 529 daAuts
     D:2: 525 daAuts
 Ossuary: 294 daAuts
  Temple: 6 daAuts

Table legend:
 A = Non-vault XP
 B = Vault XP
 C = Vault XP percentage of total XP
 D = Non-vault monster count
 E = Vault monster count
 F = Vault count percentage of total count
                 A         B        C        D         E       F
            +---------+---------+-------+---------+---------+-------
      Total |   13272 |    3011 |  18.5 |     214 |      66 |  23.6
            +---------+---------+-------+---------+---------+-------
        D:1 |      44 |       5 |  10.2 |      26 |       3 |  10.3
        D:2 |      47 |       0 |   0.0 |      19 |       0 |   0.0
        D:3 |      57 |      61 |  51.7 |      20 |       7 |  25.9
        D:4 |     370 |       0 |   0.0 |      28 |       0 |   0.0
        D:5 |     727 |       0 |   0.0 |      19 |       0 |   0.0
        D:6 |     674 |       0 |   0.0 |      17 |       0 |   0.0
        D:7 |    1098 |       0 |   0.0 |      23 |       0 |   0.0
        D:8 |    1779 |     620 |  25.8 |      16 |      15 |  48.4
        D:9 |    3328 |       0 |   0.0 |      27 |       0 |   0.0
       D:10 |    1372 |    1640 |  54.4 |       4 |       2 |  33.3
       D:11 |    3776 |       0 |   0.0 |      15 |       0 |   0.0
    Ossuary |       0 |     685 | 100.0 |       0 |      39 | 100.0
            +---------+---------+-------+---------+---------+-------
